 Dungeon Crawl Stone Soup version 0.23-a0-295-g2e428d4 (webtiles) character file.

0 Amnesiac the Magician (level 1, 0/13 HPs)
             Began as a Mummy Wizard on Oct 4, 2018.
             Slain by a leopard gecko (1 damage)
             ... on level 1 of the Dungeon.
             The game lasted 00:00:11 (19 turns).

Amnesiac the Magician (Mummy Wizard)                  Turns: 19, Time: 00:00:12

Health: 0/13       AC:  2    Str: 10    XL:     1   Next: 0%
Magic:  5/5        EV: 12    Int: 17    God:
Gold:   0          SH:  0    Dex: 10    Spells: 7/8 levels left

rFire    x . .     SeeInvis .   (no weapon)
rCold    + . .     Gourm    .   (no shield)
rNeg     + + +     Faith    .   a - +0 robe
rPois    ∞         Spirit   .   b - +0 hat
rElec    .         Reflect  .   (no cloak)
rCorr    .         Harm     .   (no gloves)
MR       .....                  (no boots)
Stlth    ++........             (no amulet)
HPRegen  0.04/turn              (no ring)
MPRegen  0.09/turn              (no ring)

@: no status effects
A: no food or potions, fire vulnerability, cold resistance 1, negative energy
resistance 3, torment resistance, unbreathing
a: no special abilities


You were on level 1 of the Dungeon.
You were not hungry.

You visited 1 branch of the dungeon, and saw 1 of its levels.

Inventory:

Armour
 a - a +0 robe (worn)
 b - a +0 hat (worn)


   Skills:
 - Level 1.5 Dodging
 - Level 1.5 Stealth
 + Level 4.0 Spellcasting
 - Level 0.7 Conjurations
   Level 0.7 Summonings
   Level 0.7 Translocations


You had 7 spell levels left.
You knew the following spells:

 Your Spells              Type           Power        Failure   Level  Hunger
a - Magic Dart            Conj           #...         12%         1    N/A

Your spell library contained the following spells:

 Spells                   Type           Power        Failure   Level  Hunger
 Blink                    Tloc           N/A          19%         2    N/A
 Call Imp                 Summ           #.......     19%         2    N/A
 Slow                     Hex            #.......     24%         2    N/A
 Conjure Flame            Conj/Fire      #.......     38%         3    N/A
 Mephitic Cloud           Conj/Pois/Air  #.......     41%         3    N/A

Dungeon Overview and Level Annotations

Branches:
Dungeon (1/15)

Altars:


Innate Abilities, Weirdness & Mutations

You do not eat or drink.
Your flesh is vulnerable to fire.
You are immune to poison.
Your flesh is cold resistant. (rC+)
You are immune to negative energy. (rN+++)
You are immune to unholy pain and torment.
You can survive without breathing.


Message History

Invalid key '-247' in bindkey directive '[-247] CMD_NO_CMD_DEFAULT' Welcome, Amnesiac the Mummy Wizard.
Will you prevail where others failed? Will you find the Orb of Zot?
Press ? for a list of commands and other information.
Found a staircase leading out of the dungeon.
You open the door.
A leopard gecko, a bat and an ooze come into view.
There is an open door here.
There are monsters nearby!
There is a staircase leading out of the dungeon here.
As you open the door, it creaks loudly!
A dart slug comes into view.
You hear a shout!
There is an open door here.
A dart slug comes into view.
The bat barely misses you. The dart slug launches a dart at you.
The slug dart misses you. The bat barely misses you. The bat hits you.
The dart slug launches a dart at you. The slug dart misses you.
The slug dart hits the bat.
The bat dies!
The dart slug launches a dart at you. The slug dart misses you.
The dart slug launches a dart at you. The slug dart hits you!
Found a hunting sling.
A hobgoblin comes into view. It is wielding a club.
The hobgoblin moves out of view.
The hobgoblin shouts!
The leopard gecko misses you. The dart slug launches a dart at you.
The slug dart misses you. The hobgoblin barely misses you.
The dart slug launches a dart at you. The slug dart hits you!
* * * LOW HITPOINT WARNING * * *
The leopard gecko bites you.
You die...

..#.... J...# .#...
....... ##....
......###
#.....###......
#....##.##...#
#....#...#.J.#
#.w..'w<.'...##
#....#...#...g########
##...##.##...l@.......
#.....###....##..####.
#.........w..# #...#
#............# ##.#
#............# #
#............#
##.............
##......##.....
####.#.# ..#).


You could see an ooze (wandering), a dart slug, a leopard gecko and a hobgoblin.

Vanquished Creatures (others)
  A bat (D:1)
1 creature vanquished.

Notes
Turn   | Place    | Note
-------+----------+-------------------------------------------
     0 | D:1      | Amnesiac the Mummy Wizard began the quest for the Orb.
     0 | D:1      | Reached XP level 1. HP: 13/13 MP: 5/5
    19 | D:1      | Slain by a leopard gecko

Vault maps used:
D:1:      dpeg_arrival_shelter, grunt_decor_arrowhead, minmay_vboxes

Action                   || total
-------------------------++-------
Dodge: Dodged            ||     8

Table legend:
 A = Non-vault XP
 B = Vault XP
 C = Vault XP percentage of total XP
 D = Non-vault monster count
 E = Vault monster count
 F = Vault count percentage of total count
                 A         B        C        D         E       F
            +---------+---------+-------+---------+---------+-------
      Total |       0 |       0 |   N/A |       0 |       0 |  -nan
            +---------+---------+-------+---------+---------+-------
            +---------+---------+-------+---------+---------+-------
